 Dungeon Crawl Stone Soup version 0.30.0-20-g3615ddf2f0 (webtiles) character file.

Game seed: 4722158619694712981

975 qw the Chopper (level 8, 0/48 HPs)
             Began as a Gargoyle Fighter on May 29, 2023.
             Shot with an arrow by a centaur (3 damage)
             ... on level 5 of the Dungeon.
             The game lasted 00:01:44 (4667 turns).

qw the Chopper (Gargoyle Fighter)                   Turns: 4667, Time: 00:01:45

Health: 0/48       AC: 16    Str: 21    XL:     8   Next: 16%
Magic:  8/8        EV:  7    Int: 10    God:
Gold:   90         SH:  9    Dex:  9    Spells: 7/7 levels left

rFire   . . .        Y - +0 war axe (elec)
rCold   . . .        g - +0 kite shield
rNeg    + . .        c - +0 chain mail
rPois   inf          f - +1 helmet
rElec   +            (no cloak)
rCorr   .            (no gloves)
SInv    .            (no boots)
Will    .....        (no amulet) Stlth
                     (no ring)
HPRegen 0.28/turn    (no ring)
MPRegen 0.11/turn

%: no passive effects
@: about to teleport
A: sickness immunity, AC +5, negative energy resistance 1, electricity
resistance, torment resistance 1, petrification resistance
a: no special abilities


You were on level 5 of the Dungeon.
You visited 1 branch of the dungeon, and saw 5 of its levels.

You collected 90 gold pieces.


Innate Abilities, Weirdness & Mutations

You are immune to sickness and miasma.
Your stone body is resilient. (AC +5)
You are immune to poison.
You resist negative energy. (rN+)
You are resistant to electric shocks. (rElec)
You are resistant to unholy torment.
You are immune to petrification.


   Skills:
 - Level 4.2 Fighting
 + Level 6.6 Axes
 - Level 3.2 Armour
 - Level 1.8 Dodging
 - Level 6.0 Shields


You had 7 spell levels left.
You didn't know any spells.
Your spell library was empty.

Inventory:

Hand Weapons
 h - a +1 hand axe of flaming
 Y - a +0 war axe of electrocution (weapon)
Armour
 c - a +0 chain mail (worn)
 f - a +1 helmet (worn)
 g - a +0 kite shield (worn)
Scrolls
 p - a scroll of identify
Potions
 d - a potion of might
 e - a potion of cancellation
 i - a potion of brilliance {unknown}
 k - a potion of resistance {unknown}
 r - a potion of berserk rage {unknown}
 s - a potion of attraction {unknown}

Dungeon Overview and Level Annotations

Branches:
Dungeon (5/15)
 Temple: D:4-7

Altars:
Hepliaklqana


Message History

Pikel is heavily wounded.
You barely miss the lemure. You hit the lemure. The lemure hits you.
The lemure closely misses you. You block Pikel's attack.
You barely miss Pikel.
Pikel is heavily wounded.
You barely miss the lemure. You closely miss the lemure.
The lemure hits you but does no damage. You block Pikel's attack.
The lemure hits you but does no damage. x3; Pikel barely misses you.
You completely miss Pikel.
Pikel is heavily wounded.
You barely miss the lemure. You miss the lemure.
The lemure hits you but does no damage. You block Pikel's attack.
The lemure hits you but does no damage.
You slash Pikel!
Pikel is severely wounded.
You closely miss the lemure. You slash the lemure!
The lemure hits you but does no damage. You block the lemure's attack.
You block Pikel's attack.
You barely miss Pikel.
Pikel is severely wounded.
You closely miss the lemure. You hit the lemure but do no damage.
Lightning courses through the lemure!
You kill the lemure!
That felt strangely unrewarding.
Pikel closely misses you.
The lemure hits you but does no damage. x2
You block the lemure's attack.
Pikel says, "It's all about the gold, really."
Pikel hits you with a +2 whip of electrocution!
4666 ||| READING scroll of teleportation.
As you read the scroll of teleportation, it crumbles to dust.
You feel strangely unstable. The lemure hits you.
You block the lemure's attack. Pikel closely misses you.
You hit Pikel but do no damage. Lightning courses through Pikel!!
You kill Pikel!
You hit the lemure. You hit the lemure but do no damage.
With Pikel's spell broken, his former minions thank you for their freedom.
The lemure departs this earthly plane. x2; The centaur wields a +0 shortbow.
The centaur shoots an arrow.
The arrow hits you.
The centaur shoots an arrow.
The arrow hits you.
You die...

##~~.# #..# .#~~.# #..#
##~~.# #..# ~~~..###..#
~~~.#.##..# ~~..##....#
~...#.....# ##
..##.##############..}#
####.# #........@)c.?.#
# #.# #.####...¤¤......
# #.# #.# #.#######..#
####.# #.# #.# # #<...#
#.# ##.##
#.##.###.###...#
[..............#
#.##########...# #.#
#####


You could see a centaur.

Vanquished Creatures
  Pikel (D:5)
  Grinder (D:4)
  An ice beast (D:4)
  2 ogres
  2 lemures (D:5)
  A phantom (D:4)
  2 scorpions (D:4)
  3 hounds
  An orc wizard (D:4)
  A sleepcap (D:5)
  4 gnolls (D:5)
  4 adders
  A white imp (D:5)
  An ufetubus (D:5)
  3 dart slugs
  5 orcs
  5 endoplasms
  3 giant cockroaches
  9 goblins
  6 hobgoblins
  3 jackals (D:4)
  3 quokkas
  5 ball pythons
  6 bats
  2 frilled lizards
  7 kobolds
  7 rats
89 creatures vanquished.

Notes
Turn   | Place    | Note
-------+----------+-------------------------------------------
     0 | D:1      | qw the Gargoyle Fighter began the quest for the Orb.
     0 | D:1      | Reached XP level 1. HP: 14/14 MP: 1/1
     0 | D:1      | 0 ||| qw: Version: 0.2-a-102-g2b76a06
     0 | D:1      | 0 ||| qw: Game counter: 437
     0 | D:1      | 0 ||| qw: Always use a shield: true
     0 | D:1      | 0 ||| qw: God list: Okawaru
     0 | D:1      | 0 ||| qw: Allow faded altars: false
     0 | D:1      | 0 ||| qw: Do Orc after D:15 true
     0 | D:1      | 0 ||| qw: Do second Lair branch before Depths: true
     0 | D:1      | 0 ||| qw: Lair rune preference: random
     0 | D:1      | 0 ||| qw: Plans: Normal, Zot:1-4, Slime:5, God:TSO, Crypt,
                  | Tomb, Pan, Hells, Abyss, Win
     0 | D:1      | 0 ||| PLANNING D:1-11
    30 | D:1      | 30 ||| Stepping ~*~*~tactically~*~*~ (hiding).
   113 | D:1      | Reached XP level 2. HP: 19/19 MP: 2/2
   419 | D:1      | 419 ||| Stepping ~*~*~tactically~*~*~ (hiding).
   420 | D:1      | 420 ||| Stepping ~*~*~tactically~*~*~ (hiding).
   634 | D:1      | Reached skill level 3 in Axes
   645 | D:1      | Reached XP level 3. HP: 23/23 MP: 3/3
   654 | D:1      | 654 ||| Stepping ~*~*~tactically~*~*~ (stealth).
   656 | D:1      | 656 ||| DROPPING +0 club.
  1066 | D:1      | 1066 ||| UPGRADING to +1 helmet.
  1071 | D:1      | 1071 ||| READING scroll labelled KOTAUW ZOOLOL.
  1072 | D:1      | 1072 ||| READING scroll labelled MIXORE TETE.
  1073 | D:1      | 1073 ||| DRINKING 2 ruby potions.
  1119 | D:2      | 1119 ||| Stepping ~*~*~tactically~*~*~ (hiding).
  1121 | D:2      | 1121 ||| Stepping ~*~*~tactically~*~*~ (hiding).
  1124 | D:2      | 1124 ||| Stepping ~*~*~tactically~*~*~ (hiding).
  1125 | D:2      | 1125 ||| Stepping ~*~*~tactically~*~*~ (hiding).
  1431 | D:2      | 1431 ||| Stepping ~*~*~tactically~*~*~ (hiding).
  1432 | D:2      | 1432 ||| Stepping ~*~*~tactically~*~*~ (hiding).
  1434 | D:2      | 1434 ||| Stepping ~*~*~tactically~*~*~ (hiding).
  1435 | D:2      | 1435 ||| Stepping ~*~*~tactically~*~*~ (hiding).
  1564 | D:2      | 1564 ||| Stepping ~*~*~tactically~*~*~ (hiding).
  1567 | D:2      | 1567 ||| Stepping ~*~*~tactically~*~*~ (hiding).
  1576 | D:2      | 1576 ||| Stepping ~*~*~tactically~*~*~ (stealth).
  1579 | D:2      | 1579 ||| Stepping ~*~*~tactically~*~*~ (stealth).
  1583 | D:2      | 1583 ||| Stepping ~*~*~tactically~*~*~ (stealth).
  1599 | D:2      | Reached XP level 4. HP: 28/28 MP: 4/4
  1926 | D:2      | 1926 ||| DROPPING ring of flight.
  1927 | D:2      | 1927 ||| READING 2 scrolls labelled ITI IQIUMA.
  1928 | D:2      | 1928 ||| READING 2 scrolls labelled SASKIOKAEF.
  1932 | D:2      | 1932 ||| READING scroll labelled NYXULY CEUFFUW.
  1933 | D:2      | 1933 ||| DRINKING 2 green potions.
  1934 | D:2      | 1934 ||| DROPPING scroll of fear.
  2662 | D:3      | 2662 ||| READING scroll labelled ONWAON RUNK.
  2763 | D:3      | 2763 ||| READING 2 scrolls labelled IXKOCL DIWNA.
  2764 | D:3      | 2764 ||| READING scroll of brand weapon.
  2764 | D:3      | 2764 ||| BRANDING +0 war axe of venom.
  2765 | D:3      | 2765 ||| READING scroll labelled VIUDOG VAOQ.
  2766 | D:3      | 2766 ||| READING 3 scrolls of identify.
  2766 | D:3      | 2766 ||| IDENTIFYING fizzy orange potion
  2767 | D:3      | 2767 ||| READING 2 scrolls of identify.
  2767 | D:3      | 2767 ||| IDENTIFYING lumpy pink potion
  2768 | D:3      | 2768 ||| DROPPING potion of flight.
  2769 | D:3      | 2769 ||| DROPPING potion of degeneration.
  2814 | D:4      | Found a hazy altar of Hepliaklqana.
  2884 | D:4      | Noticed a scorpion
  2892 | D:4      | Killed a scorpion
  2893 | D:4      | Reached XP level 5. HP: 29/32 MP: 5/5
  2999 | D:4      | Reached XP level 6. HP: 38/38 MP: 6/6
  3129 | D:4      | Reached skill level 1 in Dodging
  3295 | D:4      | 3295 ||| Stepping ~*~*~tactically~*~*~ (hiding).
  3597 | D:4      | You fall into a shaft and drop 1 floor!
  3597 | D:5      | Entered Level 5 of the Dungeon
  3634 | D:5      | 3634 ||| UPGRADING to +0 kite shield.
  3644 | D:5      | 3644 ||| DROPPING +0 buckler.
  3645 | D:5      | 3645 ||| DRINKING 2 coppery potions.
  3798 | D:4      | Noticed Grinder
  3799 | D:4      | 3799 ||| Stepping ~*~*~tactically~*~*~ (hiding).
  3804 | D:4      | 3804 ||| Stepping ~*~*~tactically~*~*~ (hiding).
  3806 | D:4      | 3806 ||| Stepping ~*~*~tactically~*~*~ (hiding).
  3815 | D:4      | Paralysed by Grinder for 4 turns
  3819 | D:4      | Killed Grinder
  3820 | D:4      | Reached XP level 7. HP: 23/43 MP: 7/7
  4144 | D:4      | 4144 ||| UPGRADING to +0 chain mail.
  4154 | D:4      | 4154 ||| DROPPING +0 scale mail.
  4211 | D:5      | 4211 ||| STAIRDANCE
  4297 | D:5      | 4297 ||| STAIRDANCE
  4303 | D:4      | Reached skill level 6 in Axes
  4365 | D:5      | HP: 9/43 [orc priest/+0 hand axe (5)]
  4366 | D:5      | 4366 ||| READING 2 scrolls of teleportation.
  4367 | D:5      | 4367 ||| DRINKING potion of heal wounds.
  4368 | D:5      | 4368 ||| DRINKING potion of curing.
  4368 | D:5      | 4368 ||| (to cure confusion)
  4459 | D:5      | 4459 ||| Stepping ~*~*~tactically~*~*~ (stealth).
  4460 | D:5      | 4460 ||| Stepping ~*~*~tactically~*~*~ (stealth).
  4468 | D:5      | Reached XP level 8. HP: 48/48 MP: 8/8
  4483 | D:5      | 4483 ||| Stepping ~*~*~tactically~*~*~ (stealth).
  4510 | D:5      | Reached skill level 6 in Shields
  4645 | D:5      | Noticed Pikel
  4665 | D:5      | HP: 6/48 [Pikel/+2 whip of electrocution (9)]
  4666 | D:5      | 4666 ||| READING scroll of teleportation.
  4667 | D:5      | Killed Pikel
  4667 | D:5      | Shot with an arrow by a centaur

Levels and vault maps discovered:
D:1:      amcnicky_arrival_feature_with_door, layout_basic, serial_rivers,
          chequers_serial_rivers_room_b, chequers_serial_rivers_large_a,
          chequers_serial_rivers_micro_c, chequers_serial_rivers_room_a,
          chequers_serial_rivers_micro_a
D:2:      layout_loops_cross
D:3:      layout_loops_ring, roderic_roman_lattice, kennysheep_small_spiral
D:4:      layout_loops_corners, overflow_temple_1_default, serial_rivers,
          chequers_serial_rivers_small_b, chequers_serial_rivers_small_b,
          chequers_serial_rivers_room_a, chequers_serial_rivers_room_a,
          chequers_serial_rivers_micro_e, chequers_serial_rivers_room_a,
          uniq_grinder
D:5:      layout_loops_ring, serial_shops, nicolae_shop_real_fake_doors,
          grunt_decor_junction, grunt_ministairs_9,
          nicolae_kite_square_tiling_tiny, uniq_pikel, uniq_crazy_yiuf_cottage,
          uniq_duvessa

Skill      XL: |  1  2  3  4  5  6  7  8 |
---------------+-------------------------+-----
Axes           | 2 3 4 5 6 |  6.6
Fighting       | 4 |  4.2
Dodging        | 1 |  1.8
Shields        | 5 6 |  6.0
Armour         | |  3.2

Action                     |  1- 3 |  4- 6 |  7- 9 || total
---------------------------+-------+-------+-------++-------
  Melee: War axe           |    95 |    97 |    68 ||   260
  Throw: Boomerang         |     3 |    38 |    11 ||    52
    Use: Scroll            |     2 |     9 |     2 ||    13
         Potion            |     1 |     2 |     2 ||     5
 Armour: Scale mail        |    52 |    50 |       ||   102
         Chain mail        |       |       |    52 ||    52
  Dodge: Dodged            |    36 |    38 |    28 ||   102
  Block: Buckler           |    10 |    11 |       ||    21
         Kite shield       |       |     1 |    40 ||    41

Table legend:
 A = Non-vault XP
 B = Vault XP
 C = Vault XP percentage of total XP
 D = Non-vault monster count
 E = Vault monster count
 F = Vault count percentage of total count
                 A         B        C        D         E       F
            +---------+---------+-------+---------+---------+-------
      Total |     859 |    1197 |  58.2 |      83 |       4 |   4.6
            +---------+---------+-------+---------+---------+-------
        D:1 |      42 |       0 |   0.0 |      25 |       0 |   0.0
        D:2 |      43 |       0 |   0.0 |      11 |       0 |   0.0
        D:3 |      24 |       0 |   0.0 |      14 |       0 |   0.0
        D:4 |     466 |     534 |  53.4 |      22 |       3 |  12.0
        D:5 |     284 |     663 |  70.0 |      11 |       1 |   8.3
            +---------+---------+-------+---------+---------+-------
